 Dungeon Crawl Stone Soup version 0.22-a0-443-g17c3723 (webtiles) character file.

34461 Gorglomux the Fighter (level 13, -7/87 HPs)
             Began as a Gargoyle Fighter on June 1, 2018.
             Was a High Priest of Okawaru.
             Splashed by an oklob plant's acid (12 damage)
             ... on level 4 of the Lair of Beasts.
             The game lasted 00:10:12 (16538 turns).

Gorglomux the Fighter (Gargoyle Fighter)           Turns: 16538, Time: 00:10:12

Health: -7/87      AC: 16    Str: 24    XL:     13   Next: 77%
Magic:  0/17       EV:  7    Int: 10    God:    Okawaru [*****.]
Gold:   683        SH: 14    Dex: 14    Spells: 12/12 levels left

rFire    . . .     SeeInvis .   a - +3 broad axe (venom) {god gift}
rCold    . . .     Gourm    .   c - +1 shield
rNeg     + . .     Faith    .   T - +0 plate armour
rPois    ∞         Spirit   +   (no helmet)
rElec    +         Reflect  .   (no cloak)
rCorr    .         Harm     .   C - +2 pair of gloves
MR       +....                  (no boots)
Stlth    ..........             L - amulet of guardian spirit
HPRegen  0.24/turn              m - ring of protection from magic (curse)
MPRegen  0.15/turn              Y - +5 ring of dexterity

@: corroded
A: negative energy resistance 1, electricity resistance, unbreathing,
petrification resistance, rot immunity, AC +9
a: Heroism, Finesse, Renounce Religion


You were on level 4 of the Lair of Beasts.
You worshipped Okawaru.
Okawaru was extremely pleased with you.
You were hungry.

You visited 3 branches of the dungeon, and saw 16 of its levels.

You collected 791 gold pieces.
You spent 108 gold pieces at shops.

Inventory:

Hand Weapons
 a - a +3 broad axe of venom (weapon) {god gift}
 b - a +0 scimitar of flaming
Armour
 c - a +1 shield (worn)
 C - a +2 pair of gloves (worn)
 T - a +0 plate armour (worn)
Jewellery
 l - an uncursed ring of flight
 m - a cursed ring of protection from magic (left hand)
 s - an uncursed ring of see invisible
 L - an amulet of guardian spirit (around neck)
 Y - a +5 ring of dexterity (right hand)
Wands
 D - a wand of digging (30)
 G - a wand of acid (10)
 O - a wand of clouds (3)
 P - a wand of paralysis (14)
Scrolls
 j - 3 scrolls of fog
 q - 3 scrolls of fear
 u - 4 scrolls of immolation
 z - 8 scrolls of remove curse
 B - 2 scrolls of blinking
 E - 5 scrolls of enchant armour
 M - 2 scrolls of magic mapping
 R - 2 scrolls of identify
 V - a scroll of holy word
Potions
 d - 3 potions of might
 g - 2 potions of haste
 i - a potion of agility
 k - 5 potions of mutation {!q}
 p - a potion of lignification
 I - a potion of resistance
 J - 3 potions of magic
 N - 4 potions of flight
 Q - 6 potions of curing
 S - a potion of invisibility
 U - a potion of brilliance
Miscellaneous
 W - a sack of spiders
 X - a phial of floods
Comestibles
 f - 30 rations
 Z - a chunk of flesh


   Skills:
 + Level 12.5 Fighting
 + Level 10.6 Axes
 + Level 12.5 Armour
 + Level 12.5 Shields
 + Level 6.4 Invocations


You had 12 spell levels left.
You didn't know any spells.
Your spell library contained the following spells:

 Spells                   Type           Power        Failure   Level  Hunger
 Magic Dart               Conj           #...         99%         1    ##.....
 Apportation              Tloc           #.....       99%         1    ##.....
 Conjure Flame            Conj/Fire      #.......     100%        3    ####...
 Slow                     Hex            #.......     100%        2    ###....
 Confuse                  Hex            #.......     100%        3    ####...
 Mephitic Cloud           Conj/Pois/Air  #.......     100%        3    ####...
 Summon Small Mammal      Summ           #...         99%         1    ##.....
 Blink                    Tloc           N/A          100%        2    ###....
 Animate Skeleton         Necr           N/A          99%         1    ##.....
 Call Imp                 Summ           #.......     100%        2    ###....
 Confusing Touch          Hex            #.....       99%         1    ##.....
 Metabolic Englaciation   Hex/Ice        #.........   100%        5    ######.
 Petrify                  Tmut/Erth      #.......     100%        4    #####..
 Gell's Gravitas          Tloc           #.........   100%        3    ####...
 Yara's Violent Unravell  Hex/Tmut       #.........   100%        5    ######.


Dungeon Overview and Level Annotations

Branches:
Dungeon (11/15)            Temple (1/1) D:4            Lair (4/6) D:9
 Shoals (0/4) Lair:3        Snake (0/4) Lair:2
    Orc: D:9-12

Altars:
Ashenzari
Cheibriados
Dithmenos
Elyvilon
Fedhas
Gozag
Hepliaklqana
Kikubaaqudgha
Makhleb
Nemelex Xobeh
Okawaru
Qazlal
Ru
Sif Muna
Trog
Uskayaw
Vehumet
Wu Jian
Xom
Yredelemnul
Zin
The Shining One

Shops:
D:5 %*

Annotations:
D:6 exclusion: door
Lair:4 exclusion: 2 oklob plants


Innate Abilities, Weirdness & Mutations

You are resistant to torment.
Your stone body is resilient. (AC +9)
You are immune to poison.
You resist negative energy. (rN+)
You are resistant to electric shocks. (rElec)
You can survive without breathing.
You are immune to petrification.
You are immune to rotting.


Message History

You block the splash of acid!
You see here a scroll of blinking!
B - 2 scrolls of blinking (gained 1)
The oklob plant spits acid at you! The splash of acid hits you!!!
The acid corrodes you!!!
You are splashed with acid!!!
The acid butts!!!
The oklob plant butts acid at you! You block the splash of acid!
The oklob plant spits acid at you! The splash of acid hits you!!!
You are splashed with acid!!!
The acid burns!!!
The oklob plant spits acid at you! The splash of acid hits you!!!
The acid corrodes you!!!
You are splashed with acid!!!
The acid burns!!! * * * don't die
* * * The oklob plant spits acid at you!
The splash of acid hits you!!!
You are splashed with acid!!!
The acid burns!!! * * * don't butt
* * * The oklob plant spits acid at you!
The splash of acid hits you!!!
You are splashed with acid!!!
The acid burns!!! rip

...............##########P..##...
................##P#P#.##..PP#..#
.................#......÷....##..
........P.P..$........###....##..
...(..P.PPP......###.#.###..##...
........P.........#..#####...##..
.†...............##...###...##...
...............#...#+#.##........
...$............@................
###.######.....P.#.#######.#####.
## #.###.###### ### ## # ###


You could see 2 oklob plants.

Vanquished Creatures
  Gastronok (D:8)
  The ghost of azzavlup the Grappler, a journeyman TrFi (Lair:2)
  Josephine (Lair:4)
  Harold (D:10)
  10 hydras
  A two-headed ogre (D:11)
  The ghost of Gorglomux the Fighter, a novice GrFi of Okawaru (D:9)
  An ugly thing (D:11)
  A cyclops (D:10)
  4 elephants (Lair:4)
  2 black mambas (Lair:3)
  A gargoyle (D:10)
  5 spiny frogs
  A yaktaur (D:10)
  A komodo dragon (Lair:1)
  An efreet (D:10)
  A tengu conjurer (D:10)
  Grinder (D:6)
  A troll (D:9)
  7 hippogriffs
  A snapping turtle (Lair:3)
  10 blink frogs
  A shadow (D:10)
  20 yaks
  3 wraiths (Lair:4)
  4 basilisks
  A wyvern (D:10)
  2 hungry ghosts
  Menkaure (D:7)
  3 nagas (Lair:2)
  14 porcupines
  4 water moccasins
  A floating eye (shapeshifter) (D:10)
  2 black bears
  2 ice beasts
  5 phantoms
  3 sky beasts
  4 orc warriors
  6 wolves
  4 ogres
  3 centaurs
  6 crocodiles
  The ghost of Gorglomux the Chopper, an amateur GrFi (D:4)
  3 big kobolds
  8 bullfrogs
  2 scorpions
  6 wights
  14 killer bees
  3 howler monkeys
  4 crimson imps
  3 hounds
  A quasit (D:10)
  3 orc priests
  2 bullfrog skeletons
  A jelly (D:11)
  15 orc wizards
  4 centaur skeletons
  Ijyb (D:4)
  4 iguanas
  6 worker ants
  Natasha (thrice) (D:2)
  A hound skeleton (D:5)
  4 gnolls (D:6)
  9 adders
  4 shadow imps
  A worker ant simulacrum (D:10)
  An adder skeleton (D:6)
  6 worms
  2 dart slugs
  4 leopard geckos
  36 orcs
  2 ball pythons
  4 giant cockroaches
  6 hobgoblins
  12 kobolds
  4 quokkas
  2 bats
  3 frilled lizards
  7 goblins
  A leopard gecko skeleton (D:4)
  5 rats
  A fungus (Lair:3)
342 creatures vanquished.

Vanquished Creatures (others)
  A human (D:6)
  A bush (D:9)
  9 fungi
  10 plants
21 creatures vanquished.

Grand Total: 363 creatures vanquished

Notes
Turn   | Place    | Note
-------+----------+-------------------------------------------
     0 | D:1      | Gorglomux the Gargoyle Fighter began the quest for the Orb.
     0 | D:1      | Reached XP level 1. HP: 14/14 MP: 1/1
   389 | D:1      | Reached XP level 2. HP: 17/19 MP: 2/2
   550 | D:2      | Noticed Natasha
   558 | D:2      | Noticed a crimson imp
   563 | D:2      | Killed Natasha
   563 | D:2      | Reached XP level 3. HP: 13/24 MP: 3/3
   702 | D:2      | Noticed Natasha
   711 | D:2      | Killed Natasha
   711 | D:2      | Reached XP level 4. HP: 17/29 MP: 4/4
   994 | D:2      | Noticed Natasha
  1003 | D:2      | Killed Natasha
  1235 | D:3      | Reached XP level 5. HP: 30/33 MP: 5/5
  1421 | D:3      | Noticed a phantom
  1459 | D:3      | Killed a phantom
  1459 | D:3      | Reached skill level 3 in Axes
  1459 | D:3      | Reached XP level 6. HP: 29/39 MP: 6/6
  2160 | D:4      | Noticed Gorglomux's ghost (amateur GrFi)
  2166 | D:4      | Noticed Ijyb
  2177 | D:4      | Killed Gorglomux's ghost
  2340 | D:4      | Found a radiant altar of Vehumet.
  2392 | D:4      | Killed Ijyb
  2392 | D:4      | Reached XP level 7. HP: 22/44 MP: 7/7
  2812 | D:4      | Found a staircase to the Ecumenical Temple.
  2812 | D:4      | Noticed a hippogriff
  2818 | D:4      | Killed a hippogriff
  2823 | Temple   | Entered the Ecumenical Temple
  3002 | Temple   | Became a worshipper of Warmaster Okawaru
  3169 | D:5      | Entered Level 5 of the Dungeon
  3466 | D:5      | Found Goata's Food Boutique.
  3550 | D:5      | Found Qigu's Assorted Antiques.
  3558 | D:5      | Bought 3 scrolls labeled YSAKIUNKILONK for 81 gold pieces
  3558 | D:5      | Bought a scroll labeled PISHRAKHLATWY for 27 gold pieces
  3692 | D:5      | Reached XP level 8. HP: 28/51 MP: 8/8
  3698 | D:5      | HP: 2/51 [orc wizard/puff of flame (1)]
  4026 | D:6      | Noticed a hippogriff
  4038 | D:6      | Killed a hippogriff
  4038 | D:6      | Reached skill level 6 in Fighting
  4038 | D:6      | Reached skill level 6 in Armour
  4038 | D:6      | Reached skill level 6 in Shields
  4038 | D:6      | Reached skill level 1 in Invocations
  4296 | D:6      | Reached * piety under Okawaru
  4537 | D:6      | Found an ancient bone altar of Kikubaaqudgha.
  4743 | D:6      | Noticed Grinder
  4751 | D:6      | Reached skill level 3 in Invocations
  4757 | D:6      | Reached XP level 9. HP: 35/56 MP: 9/11
  4793 | D:6      | Killed Grinder
  5009 | D:6      | Reached ** piety under Okawaru
  5234 | D:6      | Found a deep blue altar of Sif Muna.
  5429 | D:6      | Found a snail-covered altar of Cheibriados.
  5431 | D:6      | Found a sparkling altar of Nemelex Xobeh.
  5975 | D:7      | Reached skill level 6 in Axes
  5988 | D:7      | Reached *** piety under Okawaru
  6360 | D:7      | Found a blossoming altar of Fedhas.
  6362 | D:7      | Noticed Menkaure
  6372 | D:7      | Killed Menkaure
  6753 | D:8      | Reached XP level 10. HP: 64/64 MP: 12/12
  7305 | D:8      | Noticed Gastronok
  7683 | D:8      | Killed Gastronok
  7683 | D:8      | Reached **** piety under Okawaru
  7683 | D:8      | Reached skill level 9 in Fighting
  7683 | D:8      | Reached skill level 9 in Armour
  7683 | D:8      | Reached skill level 9 in Shields
  8193 | D:9      | Noticed Gorglomux's ghost (novice GrFi)
  8246 | D:9      | Killed Gorglomux's ghost
  8246 | D:9      | Reached XP level 11. HP: 36/71 MP: 10/13
  8640 | D:9      | Found a staircase to the Lair.
  8884 | D:9      | Found a glowing silver altar of Zin.
  8924 | D:9      | Reached ***** piety under Okawaru
  9363 | D:10     | Entered Level 10 of the Dungeon
  9789 | D:10     | Received a gift from Okawaru
  9975 | D:10     | Noticed Harold
  9990 | D:10     | Killed Harold
 10197 | D:10     | Noticed a cyclops
 10215 | D:10     | Killed a cyclops
 10215 | D:10     | Received a gift from Okawaru
 10680 | D:10     | Reached XP level 12. HP: 79/79 MP: 14/14
 10899 | D:11     | Noticed a two-headed ogre
 10908 | D:11     | Killed a two-headed ogre
 10908 | D:11     | Reached skill level 9 in Axes
 10963 | Lair:1   | Entered Level 1 of the Lair of Beasts
 11999 | Lair:2   | Received a gift from Okawaru
 12197 | Lair:2   | Noticed azzavlup's ghost (journeyman TrFi)
 12526 | Lair:2   | Killed azzavlup's ghost
 12604 | Lair:2   | Found a staircase to the Snake Pit.
 13416 | Lair:3   | Noticed a four-headed hydra
 13438 | Lair:3   | Killed a four-headed hydra
 13693 | Lair:3   | Found a staircase to the Shoals.
 13867 | Lair:3   | Noticed a four-headed hydra
 13883 | Lair:3   | Killed a 14-headed hydra
 13883 | Lair:3   | Received a gift from Okawaru
 13883 | Lair:3   | Reached XP level 13. HP: 85/85 MP: 9/16
 14148 | Lair:3   | Reached skill level 12 in Fighting
 14148 | Lair:3   | Reached skill level 12 in Armour
 14148 | Lair:3   | Reached skill level 12 in Shields
 14823 | Lair:4   | Received a gift from Okawaru
 15228 | Lair:4   | Noticed Josephine
 15237 | Lair:4   | Killed Josephine
 15266 | Lair:4   | HP: 3/86 [four-headed hydra (9)]
 15853 | Lair:4   | Reached skill level 6 in Invocations
 16538 | Lair:4   | Splashed by an oklob plant's acid

Vault maps used:
D:1:      lightli_arrival_statue_moat
D:2:      minmay_tetromino_i4, uniq_natasha
D:4:      vehumet_altar_wand_db, minmay_temple_entry_hall, uniq_ijyb
D:5:      serial_shops, shop, shop, serial_undead, serial_undead_e,
          serial_undead_c, serial_undead_c, serial_undead_c, first_ration
D:6:      led_sif_book, minitemple, tgw_kikubaaqudgha, uniq_grinder
D:7:      lemuel_round_altar, uniq_menkaure
D:8:      uniq_gastronok
D:9:      lemuel_crystal_altar, minmay_lair_entry_grove, the_bakery,
          minmay_misc_feat_columns
D:10:     hangedman_cross_veins, uniq_harold
D:11:     orc_0_dummy
Temple:   lightli_temple_of_artemis
Lair:1:   lemuel_fruit_fields, serial_bayou_shore_a
Lair:2:   minmay_snake_entry_guardpost_small, beast_lair_carwin_7,
          grunt_megastairs_3, lemuel_fruit_tree
Lair:3:   minmay_shoals_entry_hut, lemuel_fruit_fields, serial_bayou_shore_b
Lair:4:   st_stairs_11, dpeg_oklob_1, uniq_josephine

Skill      XL: |  1  2  3  4  5  6  7  8  9 10 11 12 13 |
---------------+----------------------------------------+-----
Axes           | 2 3 4 5 6 7 8 10 | 10.6
Armour         | 4 5 6 8 9 10 11 12 | 12.5
Fighting       | 4 5 6 8 9 10 11 12 | 12.5
Shields        | 4 5 6 8 9 10 11 12 | 12.5
Invocations    | 3 4 6 |  6.4

Action                   |  1- 3 |  4- 6 |  7- 9 | 10-12 | 13-15 || total
-------------------------+-------+-------+-------+-------+-------++-------
Melee: War axe           |    44 |   209 |   396 |   717 |       ||  1366
       Broad axe         |       |       |       |   104 |   103 ||   207
       Unarmed           |       |       |       |    16 |       ||    16
       Scimitar          |       |       |       |       |    72 ||    72
Throw: Throwing net      |       |       |       |     1 |       ||     1
Invok: Heroism           |       |       |     1 |    16 |     4 ||    21
       Finesse           |       |       |       |     6 |     2 ||     8
Evoke: Wand              |       |       |       |     1 |       ||     1
       Phial of floods   |       |       |       |       |     1 ||     1
  Use: Scroll            |       |       |     7 |    17 |     3 ||    27
       Potion            |       |       |     3 |     2 |     1 ||     6
 Stab: Confused          |       |       |       |     1 |       ||     1
       Held in net/web   |       |       |       |     3 |       ||     3
  Eat: Chunk             |       |     5 |    18 |    20 |     5 ||    48
       Ration            |       |       |     2 |     1 |     1 ||     4
Armor: Scale mail        |    15 |   104 |   231 |   335 |   136 ||   821
       Skin              |       |       |    29 |     6 |       ||    35
       Plate armour      |       |       |       |       |    53 ||    53
Dodge: Dodged            |    13 |    66 |   157 |   219 |   107 ||   562
Block: Shield            |    16 |   123 |   271 |   572 |   202 ||  1184
       Rpst.: Scimitar   |       |       |       |       |     6 ||     6

Table legend:
 A = Spawn XP
 B = Non-spawn XP
 C = Spawn XP percentage of total XP
 D = Spawn monster count
 E = Non-spawn monster count
 F = Spawn count percentage of total count
 G = Total turns spent on level
                    A         B        C        D         E        F      G
               +---------+---------+-------+---------+---------+-------+---------
         Total |       0 |   49230 |   0.0 |       0 |     341 |   0.0 | 16538
               +---------+---------+-------+---------+---------+-------+---------
           D:1 |       0 |      12 |   0.0 |       0 |       7 |   0.0 |   483
           D:2 |       0 |     138 |   0.0 |       0 |      18 |   0.0 |   731
           D:3 |       0 |     218 |   0.0 |       0 |      19 |   0.0 |   836
           D:4 |       0 |     628 |   0.0 |       0 |      23 |   0.0 |   922
           D:5 |       0 |     302 |   0.0 |       0 |      16 |   0.0 |   825
           D:6 |       0 |    1960 |   0.0 |       0 |      27 |   0.0 |  1577
           D:7 |       0 |    1333 |   0.0 |       0 |      23 |   0.0 |  1199
           D:8 |       0 |    3694 |   0.0 |       0 |      21 |   0.0 |  1342
           D:9 |       0 |    4114 |   0.0 |       0 |      37 |   0.0 |  1260
          D:10 |       0 |    6305 |   0.0 |       0 |      58 |   0.0 |  1545
          D:11 |       0 |    1496 |   0.0 |       0 |       3 |   0.0 |    46
        Lair:1 |       0 |    2447 |   0.0 |       0 |      11 |   0.0 |  1254
        Lair:2 |       0 |    6550 |   0.0 |       0 |      27 |   0.0 |  1127
        Lair:3 |       0 |    5404 |   0.0 |       0 |      17 |   0.0 |  1718
        Lair:4 |       0 |   14629 |   0.0 |       0 |      34 |   0.0 |  1476
               +---------+---------+-------+---------+---------+-------+---------
